 Dungeon Crawl Stone Soup version 0.19.1 (webtiles) character file.

188 FortunaImperatrix the Sneak (level 5, -4/25 HPs)
             Began as a Vine Stalker Enchanter on Dec 10, 2016.
             Slain by a worker ant (5 damage)
             ... on level 4 of the Dungeon.
             The game lasted 00:11:45 (2623 turns).

FortunaImperatrix the Sneak (VSEn)                  Turns: 2623, Time: 00:11:45

Health: -4/25      AC:  3    Str: 11    XL:     5   Next: 67%
Magic:  0/10       EV: 12    Int: 16    God:
Gold:   128        SH:  3    Dex: 14    Spells: 4 memorised, 0 levels left

rFire  . . .     SeeInvis .     a - +1 dagger
rCold  . . .     Gourm    .     b - +1 robe
rNeg   . . .     Faith    .     (no shield)
rPois  .         Spirit   +     (no helmet)
rElec  .         Reflect  +     (no cloak)
rCorr  .         Harm     .     (no gloves)
MR     +....                    (no boots)
Stlth  +++.......               n - +3 amulet of reflection
                                (no ring)
                                q - ring of protection from magic

@: lethally poisoned (-4 -> -5), very slightly contaminated
A: fangs 2, regeneration 1, magic shield, antimagic bite, no device heal 3, rot
immunity
a: no special abilities


You were on level 4 of the Dungeon.
You were not hungry.

You visited 1 branch of the dungeon, and saw 4 of its levels.

You collected 128 gold pieces.

Inventory:

Hand Weapons
 a - a +1 dagger (weapon)
Armour
 b - a +1 robe (worn)
Jewellery
 n - a +3 amulet of reflection (around neck)
 q - a ring of protection from magic (left hand)
Wands
 u - a wand of slowing (37/48)
Scrolls
 e - a scroll of enchant armour {unknown}
 f - a scroll of fear {unknown}
 g - a scroll of random uselessness {unknown}
 h - a scroll of identify
 i - a scroll of immolation {unknown}
 j - a scroll of magic mapping {unknown}
 l - a scroll of remove curse {unknown}
 m - a scroll of fog {unknown}
 p - 2 scrolls of amnesia {unknown}
Potions
 k - a potion of flight {unknown}
 o - a potion of agility {unknown}
 s - a potion of might {unknown}
 v - a potion of haste {unknown}
 w - a potion of lignification {unknown}
Books
 c - a book of Maledictions

   Spells                             Type                      Level
   a - Corona                         Hexes                        1
   b - Ensorcelled Hibernation        Hexes/Ice                    2
   c - Confuse                        Hexes                        3
   d - Tukima's Dance                 Hexes                        3
   e - Dazzling Spray                 Conjuration/Hexes            3
Comestibles
 d - 2 bread rations
 r - 5 fruits


   Skills:
 - Level 0.5 Fighting
 - Level 1.2 Short Blades
 + Level 2.2 Dodging
 * Level 5.6 Stealth
 + Level 2.7 Spellcasting
 + Level 3.8 Hexes
 + Level 1.3 Ice Magic


You couldn't memorise any spells.
You knew the following spells:

 Your Spells              Type           Power        Failure   Level  Hunger
a - Corona                Hex            ##.....      4%          1    #......
b - Ensorcelled Hibernat  Hex/Ice        ##....       12%         2    ##.....
c - Confuse               Hex            ##......     12%         3    ###....
d - Tukima's Dance        Hex            ##......     12%         3    ###....


Dungeon Overview and Level Annotations

Branches:
Dungeon (4/15)
 Temple: D:4-7

Altars:
The Shining One


Innate Abilities, Weirdness & Mutations

You have extremely sharp teeth.
Your natural rate of healing is unusually fast.
When hurt, damage is shared between your health and your magic reserves.
Your bite disrupts and absorbs the magic of your enemies.
Potions and wands cannot restore your health.
You are immune to rotting.


Message History

* * * LOW HITPOINT WARNING * * *
You hit the worker ant but do no damage.
The worker ant is almost dead.
You feel sick. The worker ant barely misses you.
You closely miss the worker ant.
The worker ant is almost dead.
The worker ant bites you but does no damage.
You hit the worker ant but do no damage.
Your bite misses the worker ant.
The worker ant is almost dead.
You feel sick. The worker ant bites you.
* * * LOW HITPOINT WARNING * * *
You are lethally poisoned!
The worker ant poisons you!
You hit the worker ant but do no damage.
Your bite misses the worker ant.
The worker ant is almost dead.
* * * LOW HITPOINT WARNING * * *
You feel sick. The worker ant bites you.
You die...

...# #.............
#. #.###.###.#.#. #..
#.###.# #.#[.. # #..
#..##.# #..##.
#.#..###
##.##.###...#.
......# #.##.##......
#...# ##.##.#.......
#.######.............
#Swa@................
#.######..#####......
#.# #..# ##)..#. #.#
#..# #..##. #.# #..#
#..##. ... #..#
#..### .#. ...# #..#
# #. .# .## #..# # ##
.. ##..###


You could see a worm, a worker ant and an adder.

Vanquished Creatures
  A bullfrog skeleton (D:4)
  A worker ant (D:4)
  3 gnolls (D:4)
  3 adders
  An adder skeleton (D:4)
  2 dart slugs (D:1)
  2 leopard geckos
  7 orcs
  A giant cockroach (D:1)
  12 goblins
  10 hobgoblins
  A quokka (D:4)
  2 ball pythons
  3 bats (D:1)
  2 frilled lizards
  9 kobolds
  A quokka zombie (D:4)
  3 rats
64 creatures vanquished.

Notes
Turn   | Place    | Note
-------+----------+-------------------------------------------
     0 | D:1      | FortunaImperatrix the Vine Stalker Enchanter began the quest for the Orb.
     0 | D:1      | Reached XP level 1. HP: 9/9 MP: 4/4
   143 | D:1      | Found a glowing golden altar of the Shining One.
   164 | D:1      | Reached XP level 2. HP: 2/13 MP: 6/6
   370 | D:1      | Learned a level 2 spell: Ensorcelled Hibernation
   472 | D:1      | Reached skill level 4 in Stealth
   598 | D:1      | Reached skill level 1 in Short Blades
   620 | D:1      | Reached XP level 3. HP: 6/16 MP: 4/7
  1839 | D:4      | Gained mutation: Your natural rate of healing is unusually fast. [Vine Stalker growth]
  1839 | D:4      | Reached XP level 4. HP: 21/21 MP: 8/8
  2029 | D:4      | Reached skill level 1 in Ice Magic
  2080 | D:4      | Reached XP level 5. HP: 23/25 MP: 7/9
  2127 | D:4      | Reached skill level 5 in Stealth
  2237 | D:4      | Learned a level 3 spell: Confuse
  2241 | D:4      | Learned a level 3 spell: Tukima's Dance
  2623 | D:4      | HP: 1/25 [poisoned by a worker ant]
  2623 | D:4      | Slain by a worker ant

Skill      XL: |  1  2  3  4  5 |
---------------+----------------+-----
Stealth        | 4 5 |  5.6
Short Blades   | 1 |  1.2
Dodging        | 2 |  2.2
Ice Magic      | 1 |  1.3
Fighting       | |  0.5
Spellcasting   | |  2.7
Hexes          | |  3.8

Action                   |  1- 3 |  4- 6 || total
-------------------------+-------+-------++-------
Melee: Dagger            |   103 |   100 ||   203
       Bite              |    20 |    21 ||    41
 Cast: Ensorcelled Hiber |     7 |    18 ||    25
       Corona            |       |     2 ||     2
  Use: Scroll            |     1 |     1 ||     2
 Stab: Sleeping          |    13 |    12 ||    25
  Eat: Chunk             |     3 |     4 ||     7
Armor: Robe              |    15 |    17 ||    32
Dodge: Dodged            |    46 |    57 ||   103
Block: Other             |     1 |    19 ||    20
